Mulligans vs Remparts
Created - November 8, 2017 at 23:12
Goals
|
| Mulligans |
0 |
2 |
2 |
4 |
| Remparts |
1 |
1 |
3 |
5 |
|
Shots
|
| Mulligans |
7 |
10 |
14 |
31 |
| Remparts |
12 |
17 |
17 |
46 |
|
1st period
1. Remparts , Alex Galchenyuk 8 (Guillaume Desbiens 10, Mika Zibanejad 8) at 4:24 (PP)
Penalties :
Eric Tangradi (Rep) for Goalie Interference (Minor) at 4:18, Matt Beleskey (Rep) for Holding Stick (Minor) at 13:12, Jonathan Tremblay (Rep) for High sticking (Minor) at 18:24, Guillaume Desbiens (Que) for Hooking (Minor) at 18:32
2nd period
2. Mulligans , Logan Shaw 6 (Eric Tangradi 11, Matt Niskanen 8) at 0:33
3. Mulligans , Sven Baertschi 3 (Matt Donovan 7) at 14:45
4. Remparts , Cédric Lalonde-McNicoll 4 (Daniel Paille 4, Petr Straka 2) at 17:51
Penalties :
Daniel Paille (Que) for Tripping (Minor) at 18:39
3rd period
5. Mulligans , Jonathan Tremblay 4 (Maxime Macenauer 7, Eric Tangradi 12) at 2:13
6. Remparts , Guillaume Desbiens 8 (Alex Galchenyuk 8, Mika Zibanejad 9) at 7:58
7. Remparts , Pasi Salonen 6 (Max Reinhart 3, Mike Weber 5) at 13:49
8. Mulligans , Maxime Macenauer 5 (Matt Niskanen 9) at 15:34 (PP)
9. Remparts , Alex Galchenyuk 9 (Guillaume Desbiens 11, Mika Zibanejad 10) at 15:46
Penalties :
Daniel Paille (Que) for Diving (Minor) at 15:24
Goalie Stats
Anders Lindback (Rep), 41 saves from 46 shots - (0.891), L, 5-4-0, 60:00 minutes
Tyler Plante (Que), 27 saves from 31 shots - (0.871), W, 4-4-1, 60:00 minutes
Players Stats for Mulligans
Player Name G A P +/- PIM S H SB GA TA FO MP PP MP PK MP
------------------------------------------------------------------------------------
Anton Lander 0 0 0 -1 0 4 0 0 0 0 7/14 16:34 0:48 0:44
Ben Hutton 0 0 0 1 0 0 2 0 0 0 0/0 11:42 0:00 0:00
Cade Fairchild 0 0 0 1 0 0 0 1 0 1 0/0 11:42 0:00 0:00
Christoph Bertschy 0 0 0 0 0 0 0 0 0 0 0/1 9:52 0:00 0:00
Cody Goloubef 0 0 0 0 0 0 1 2 0 3 0/0 18:08 1:01 0:59
Dalton Thrower 0 0 0 -1 0 0 0 0 0 0 0/0 4:42 0:00 0:00
Darren Dietz 0 0 0 -1 0 0 0 0 0 0 0/0 4:42 0:00 0:00
Derek Dorsett 0 0 0 -1 0 2 2 1 0 0 1/1 15:50 0:48 0:00
Drayson Bowman 0 0 0 -1 0 1 1 1 1 0 1/1 12:24 0:00 0:00
Eric Tangradi 0 2 2 1 2 3 0 0 1 1 3/7 22:55 1:29 1:23
Jonathan Tremblay 1 0 1 1 2 1 3 2 0 2 1/2 20:33 1:29 1:21
Joonas Donskoi 0 0 0 0 0 0 1 0 0 0 0/0 9:52 0:00 0:00
Logan Shaw 1 0 1 0 0 2 1 0 0 0 0/0 10:43 0:08 0:00
Matt Beleskey 0 0 0 -1 2 4 0 1 0 0 0/0 15:55 0:48 0:00
Matt Donovan 0 1 1 0 0 1 4 1 0 0 0/0 18:08 1:01 0:59
Matt Niskanen 0 2 2 -1 0 4 2 4 0 4 0/0 25:28 1:16 1:14
Maxime Macenauer 1 1 2 0 0 4 2 1 0 0 13/23 20:37 1:21 0:44
Nick Shore 0 0 0 -1 0 0 0 0 0 0 2/7 9:52 0:00 0:00
Sven Baertschi 1 0 1 0 0 1 0 0 0 0 0/1 10:46 0:00 0:14
Thomas Hickey 0 0 0 -1 0 4 1 0 1 1 0/0 25:28 1:16 1:14
Players Stats for Remparts
Player Name G A P +/- PIM S H SB GA TA FO MP PP MP PK MP
------------------------------------------------------------------------------------
Alex Galchenyuk 2 1 3 1 0 9 2 0 1 0 0/1 21:05 1:22 0:17
Anton Zlobin 0 0 0 0 0 0 1 0 0 0 0/0 7:17 0:00 0:00
Cédric Lalonde-McNicoll 1 0 1 -1 0 4 3 0 1 0 3/9 16:33 0:51 0:20
Chris Mueller 0 0 0 0 0 1 0 1 0 0 0/1 7:17 0:00 0:00
Cody Ceci 0 0 0 2 0 2 3 1 0 0 0/0 24:45 0:00 1:51
Dale Weise 0 0 0 1 0 2 2 1 0 0 0/0 12:05 0:00 0:00
Daniel Paille 0 1 1 -1 4 4 1 0 2 0 0/1 15:16 0:00 0:00
Erik Gustafsson 0 0 0 0 0 1 1 1 0 0 0/0 14:40 0:00 0:00
Griffin Reinhart 0 0 0 0 0 0 0 1 0 0 0/0 18:04 1:30 0:00
Guillaume Desbiens 1 2 3 1 2 8 6 0 4 0 1/1 20:34 1:21 0:15
Johannes Salmonsson 0 0 0 0 0 1 1 0 1 0 0/1 10:10 0:00 1:37
Kris Russell 0 0 0 0 0 0 0 0 0 0 0/0 17:04 1:30 0:18
Max Reinhart 0 1 1 1 0 4 0 0 0 0 7/11 15:02 0:00 1:37
Mika Zibanejad 0 3 3 1 0 3 0 0 0 1 17/29 20:56 1:22 0:08
Mike Weber 0 1 1 1 0 0 5 1 1 2 0/0 26:27 0:43 1:59
Pasi Salonen 1 0 1 1 0 6 3 1 2 0 0/1 13:21 0:51 0:20
Petr Straka 0 1 1 -1 0 1 0 1 0 0 1/2 16:13 0:51 0:00
Ty Wishart 0 0 0 -1 0 0 2 2 0 0 0/0 19:00 0:43 0:26
3 Stars
1 - Alex Galchenyuk (Que)
2 - Guillaume Desbiens (Que)
3 - Maxime Macenauer (Rep)
Power Play
Mulligans - 1 on 3 Attempt(s) - 33.33%
Remparts - 1 on 3 Attempt(s) - 33.33%
Penalty Kill
Mulligans - 2 on 3 Attempt(s) - 66.67%
- Score 0 goal in Penalty Kill
Remparts - 2 on 3 Attempt(s) - 66.67%
- Score 0 goal in Penalty Kill
Team Stat
Mulligans - Hits : 20 - Faceoff Wins : 28 - Blocked Shots : 14 - Penalty Minutes : 6
Remparts - Hits : 30 - Faceoff Wins : 29 - Blocked Shots : 10 - Penalty Minutes : 6
Official
Referees : Marouelli Dan and McCauley Wes
Linesman : Pierre Racicot and Steve Barton
Game Notes
No Game Note
Finance
Level 1 -- Attendance: 1593 (79.65%) -- Ticket Income $47,790
Level 2 -- Attendance: 720 (72.00%) -- Ticket Income $14,400
Total Attendance: 2313 (77.10%)
Total Ticket Income: $62,190
Other Income: $3,110
Total Income: $65,300
Mulligans
5 vs 5 Forward
Center Left Wing Right Wing Time % Phy DF OF
1 Maxime Macenauer Eric Tangradi Jonathan Tremblay 40 1 2 2
2 Anton Lander Matt Beleskey Derek Dorsett 30 1 2 2
3 Nick Shore Drayson Bowman Logan Shaw 20 1 2 2
4 Christoph Bertschy Sven Baertschi Joonas Donskoi 10 1 2 2
5 vs 5 Defense
Defense Defense Time % Phy DF OF
1 Matt Niskanen Thomas Hickey 40 1 2 2
2 Matt Donovan Cody Goloubef 30 1 2 2
3 Cade Fairchild Ben Hutton 20 1 2 2
4 Dalton Thrower Darren Dietz 10 1 2 2
PowerPlay Forward
Center Left Wing Right Wing Time % Phy DF OF
1 Maxime Macenauer Eric Tangradi Jonathan Tremblay 60 1 2 2
2 Anton Lander Matt Beleskey Derek Dorsett 40 1 2 2
PowerPlay Defense
Defense Defense Time % Phy DF OF
1 Matt Niskanen Thomas Hickey 60 1 2 2
2 Matt Donovan Cody Goloubef 40 1 2 2
Penalty Kill 4 Players Forward
Center Wing Time % Phy DF OF
1 Eric Tangradi Jonathan Tremblay 60 1 2 2
2 Maxime Macenauer Anton Lander 40 1 2 2
Penalty Kill 4 Players Defense
Defense Defense Time % Phy DF OF
1 Matt Niskanen Thomas Hickey 60 1 2 2
2 Matt Donovan Cody Goloubef 40 1 2 2
Penalty Kill - 3 Players Forward
Forward Time % Phy DF OF
1 Eric Tangradi 60 1 2 2
2 Jonathan Tremblay 40 1 2 2
Penalty Kill - 3 Players Defense
Defense Defense Time % Phy DF OF
1 Matt Niskanen Thomas Hickey 60 1 2 2
2 Matt Donovan Cody Goloubef 40 1 2 2
4 vs 4 Forward
Center Wing Time % Phy DF OF
1 Eric Tangradi Jonathan Tremblay 60 1 2 2
2 Maxime Macenauer Anton Lander 40 1 2 2
4 vs 4 Defense
Defense Defense Time % Phy DF OF
1 Matt Niskanen Thomas Hickey 60 1 2 2
2 Matt Donovan Cody Goloubef 40 1 2 2
Last Minutes Offensive
Center Left Wing Right Wing Defense Defense
Maxime Macenauer Eric Tangradi Jonathan Tremblay Matt Niskanen Thomas Hickey
Last Minutes Defensive
Center Left Wing Right Wing Defense Defense
Maxime Macenauer Eric Tangradi Jonathan Tremblay Matt Niskanen Thomas Hickey
Goaltenders
Starting : Anders Lindback
Backup : Calvin Pickard
Extra Forwards
Normal : Drayson Bowman, Logan Shaw, Sven Baertschi - PP : Drayson Bowman, Logan Shaw - PK : Sven Baertschi
Extra Defensemen
Normal : Cade Fairchild, Ben Hutton, Darren Dietz - PP : Cade Fairchild - PK : Ben Hutton, Darren Dietz
Penalty Shots
Eric Tangradi, Jonathan Tremblay, Maxime Macenauer, Anton Lander, Matt Beleskey
Scratches
Reid Boucher (Healthy), Mario Lucia (Healthy), Adam Lowry (Healthy), Nick Bonino (Head Injury), Marek Langhamer (Healthy)
Remparts
5 vs 5 Forward
Center Left Wing Right Wing Time % Phy DF OF
1 Mika Zibanejad Alex Galchenyuk Guillaume Desbiens 40 0 2 3
2 Cédric Lalonde-McNicoll Daniel Paille Petr Straka 30 0 2 3
3 Max Reinhart Pasi Salonen Dale Weise 20 0 3 2
4 Chris Mueller Johannes Salmonsson Anton Zlobin 10 1 2 2
5 vs 5 Defense
Defense Defense Time % Phy DF OF
1 Mike Weber Cody Ceci 40 0 2 3
2 Ty Wishart Griffin Reinhart 30 0 2 3
3 Kris Russell Erik Gustafsson 20 0 3 2
4 Mike Weber Cody Ceci 10 1 2 2
PowerPlay Forward
Center Left Wing Right Wing Time % Phy DF OF
1 Mika Zibanejad Alex Galchenyuk Guillaume Desbiens 60 0 1 4
2 Cédric Lalonde-McNicoll Pasi Salonen Petr Straka 40 0 1 4
PowerPlay Defense
Defense Defense Time % Phy DF OF
1 Mike Weber Ty Wishart 60 0 2 3
2 Kris Russell Griffin Reinhart 40 0 2 3
Penalty Kill 4 Players Forward
Center Wing Time % Phy DF OF
1 Max Reinhart Johannes Salmonsson 60 1 3 1
2 Cédric Lalonde-McNicoll Pasi Salonen 40 1 3 1
Penalty Kill 4 Players Defense
Defense Defense Time % Phy DF OF
1 Cody Ceci Mike Weber 60 1 3 1
2 Kris Russell Ty Wishart 40 1 3 1
Penalty Kill - 3 Players Forward
Forward Time % Phy DF OF
1 Max Reinhart 60 1 3 1
2 Cédric Lalonde-McNicoll 40 1 3 1
Penalty Kill - 3 Players Defense
Defense Defense Time % Phy DF OF
1 Cody Ceci Mike Weber 60 1 3 1
2 Ty Wishart Kris Russell 40 1 3 1
4 vs 4 Forward
Center Wing Time % Phy DF OF
1 Mika Zibanejad Alex Galchenyuk 60 0 2 3
2 Cédric Lalonde-McNicoll Guillaume Desbiens 40 0 2 3
4 vs 4 Defense
Defense Defense Time % Phy DF OF
1 Mike Weber Ty Wishart 60 1 2 2
2 Kris Russell Cody Ceci 40 1 2 2
Last Minutes Offensive
Center Left Wing Right Wing Defense Defense
Mika Zibanejad Alex Galchenyuk Guillaume Desbiens Mike Weber Ty Wishart
Last Minutes Defensive
Center Left Wing Right Wing Defense Defense
Max Reinhart Johannes Salmonsson Guillaume Desbiens Cody Ceci Mike Weber
Goaltenders
Starting : Tyler Plante
Backup : Igor Bobkov
Extra Forwards
Normal : Mika Zibanejad, Alex Galchenyuk, Petr Straka - PP : Mika Zibanejad, Alex Galchenyuk - PK : Guillaume Desbiens
Extra Defensemen
Normal : Ty Wishart, Cody Ceci, Griffin Reinhart - PP : Kris Russell - PK : Griffin Reinhart, Cody Ceci
Penalty Shots
Alex Galchenyuk, Pasi Salonen, Guillaume Desbiens, Cédric Lalonde-McNicoll, Petr Straka
Scratches
Michael Paliotta (Healthy), Mitchell Heard (Healthy), Matt Halischuk (Sprained Left Ankle Injury), Tim Bozon (Healthy), François Brassard (Healthy)
% Time on Ice - Mulligans
Lines # - Real PCT - Wanted PCT - Time Play
Normal Forward
1 - 33% - 40% - 17:29
2 - 29% - 30% - 15:15
3 - 19% - 20% - 9:52
4 - 19% - 10% - 9:52
Normal Defense
1 - 41% - 40% - 21:45
2 - 30% - 30% - 15:30
3 - 20% - 20% - 10:31
4 - 9% - 10% - 4:42
PP Forward
1 - 65% - 60% - 1:29
2 - 35% - 40% - 0:48
PP Defense
1 - 55% - 60% - 1:16
2 - 45% - 40% - 1:01
PK Forward
1 - 67% - 60% - 1:29
2 - 33% - 40% - 0:44
PK Defense
1 - 56% - 60% - 1:14
2 - 44% - 40% - 0:59
PK3 Forward
1 - 0% - 60%
2 - 0% - 40%
PK3 Defense
1 - 0% - 60%
2 - 0% - 40%
44 Forward
1 - 100% - 60% - 1:51
2 - 0% - 40% - 0:00
44 Defense
1 - 66% - 60% - 1:13
2 - 34% - 40% - 0:38
Last Minute Offensive - 1:11
Last Minute Defensive - 0:00
Total
Forward - 60:00
Defense - 60:00
|
% Time on Ice - Remparts
Lines # - Real PCT - Wanted PCT - Time Play
Normal Forward
1 - 35% - 40% - 18:20
2 - 28% - 30% - 15:00
3 - 23% - 20% - 12:05
4 - 14% - 10% - 7:17
Normal Defense
1 - 37% - 40% - 19:16
2 - 31% - 30% - 16:34
3 - 28% - 20% - 14:40
4 - 4% - 10% - 2:12
PP Forward
1 - 62% - 60% - 1:22
2 - 38% - 40% - 0:51
PP Defense
1 - 32% - 60% - 0:43
2 - 68% - 40% - 1:30
PK Forward
1 - 85% - 60% - 1:57
2 - 15% - 40% - 0:20
PK Defense
1 - 87% - 60% - 1:59
2 - 13% - 40% - 0:18
PK3 Forward
1 - 0% - 60%
2 - 0% - 40%
PK3 Defense
1 - 0% - 60%
2 - 0% - 40%
44 Forward
1 - 80% - 60% - 1:29
2 - 20% - 40% - 0:22
44 Defense
1 - 72% - 60% - 1:20
2 - 28% - 40% - 0:31
Last Minute Offensive - 0:00
Last Minute Defensive - 0:57
Total
Forward - 60:00
Defense - 60:00
|
Play by Play
1st period
0:01 of 1st period - Mika Zibanejad wins face-off versus Maxime Macenauer in neutral zone.
0:26 of 1st period - Cédric Lalonde-McNicoll is hit by Thomas Hickey.
0:56 of 1st period - Snap shot by Cédric Lalonde-McNicoll.
0:56 of 1st period - Stopped by Anders Lindback with a rebound.
1:04 of 1st period - Wrist shot by Petr Straka.
1:04 of 1st period - Stopped by Anders Lindback with a rebound.
1:42 of 1st period - Snap shot by Guillaume Desbiens.
1:42 of 1st period - Stopped by Anders Lindback with a rebound.
1:44 of 1st period - Slapshot by Cody Ceci.
1:44 of 1st period - Shot Misses the Net.
1:46 of 1st period - Snap shot by Alex Galchenyuk.
1:46 of 1st period - Stopped by Anders Lindback without a rebound.
1:47 of 1st period - Anton Lander wins face-off versus Chris Mueller in Mulligans zone.
3:02 of 1st period - Wrist shot by Cédric Lalonde-McNicoll.
3:02 of 1st period - Stopped by Anders Lindback with a rebound.
3:18 of 1st period - Anton Lander is hit by Guillaume Desbiens.
3:51 of 1st period - Wrist shot by Alex Galchenyuk.
3:51 of 1st period - Stopped by Anders Lindback without a rebound.
3:52 of 1st period - Max Reinhart wins face-off versus Anton Lander in Mulligans zone.
4:18 of 1st period - Minor Penalty to Eric Tangradi for Goalie Interference.
4:19 of 1st period - Mika Zibanejad wins face-off versus Sven Baertschi in Mulligans zone.
4:24 of 1st period - Snap shot by Alex Galchenyuk.
4:24 of 1st period - Goal by Alex Galchenyuk - Mulligans : 0 - Remparts : 1.
4:25 of 1st period - Maxime Macenauer wins face-off versus Mika Zibanejad in neutral zone.
4:50 of 1st period - Cade Fairchild is hit by Mike Weber and loses puck.
5:17 of 1st period - Derek Dorsett is hit by Anton Zlobin and loses puck.
5:24 of 1st period - Wrist shot by Erik Gustafsson.
5:24 of 1st period - Deflect By Chris Mueller.
5:24 of 1st period - Shot Blocked by Cody Goloubef.
5:24 of 1st period - Puck is out of play.
5:25 of 1st period - Mika Zibanejad wins face-off versus Maxime Macenauer in Mulligans zone.
5:40 of 1st period - Snap shot by Jonathan Tremblay.
5:40 of 1st period - Shot Misses the Net.
5:52 of 1st period - Snap shot by Max Reinhart.
5:52 of 1st period - Shot Misses the Net.
5:58 of 1st period - Matt Beleskey is hit by Pasi Salonen and loses puck.
6:15 of 1st period - Snap shot by Daniel Paille.
6:15 of 1st period - Stopped by Anders Lindback with a rebound.
6:17 of 1st period - Snap shot by Cédric Lalonde-McNicoll.
6:17 of 1st period - Stopped by Anders Lindback with a rebound.
6:19 of 1st period - Wrist shot by Cédric Lalonde-McNicoll.
6:19 of 1st period - Shot Blocked by Cody Goloubef.
6:21 of 1st period - Wrist shot by Erik Gustafsson.
6:21 of 1st period - Shot Misses the Net.
6:31 of 1st period - Mike Weber is hit by Matt Donovan and loses puck.
7:16 of 1st period - Snap shot by Mika Zibanejad.
7:16 of 1st period - Shot Blocked by Matt Beleskey.
8:15 of 1st period - Icing by Matt Niskanen.
8:16 of 1st period - Mika Zibanejad wins face-off versus Maxime Macenauer in Mulligans zone.
8:21 of 1st period - Wrist shot by Alex Galchenyuk.
8:21 of 1st period - Shot Misses the Net.
8:41 of 1st period - Slapshot by Anton Lander.
8:41 of 1st period - Stopped by Tyler Plante with a rebound.
8:51 of 1st period - Wrist shot by Daniel Paille.
8:51 of 1st period - Shot Misses the Net.
9:01 of 1st period - Wrist shot by Drayson Bowman.
9:01 of 1st period - Shot Misses the Net.
9:43 of 1st period - Matt Niskanen is hit by Guillaume Desbiens and loses puck.
9:54 of 1st period - Alex Galchenyuk is hit by Matt Niskanen and loses puck.
11:02 of 1st period - Wrist shot by Drayson Bowman.
11:02 of 1st period - Shot Misses the Net.
11:24 of 1st period - Snap shot by Eric Tangradi.
11:24 of 1st period - Shot Misses the Net.
11:26 of 1st period - Wrist shot by Maxime Macenauer.
11:26 of 1st period - Stopped by Tyler Plante without a rebound.
11:27 of 1st period - Cédric Lalonde-McNicoll wins face-off versus Anton Lander in Remparts zone.
11:52 of 1st period - Guillaume Desbiens is hit by Maxime Macenauer and loses puck.
12:23 of 1st period - Slapshot by Max Reinhart.
12:23 of 1st period - Shot Blocked by Cade Fairchild.
13:12 of 1st period - Minor Penalty to Matt Beleskey for Holding Stick.
13:13 of 1st period - Mika Zibanejad wins face-off versus Jonathan Tremblay in Mulligans zone.
13:40 of 1st period - Jonathan Tremblay is hit by Pasi Salonen and loses puck.
13:47 of 1st period - Snap shot by Pasi Salonen.
13:47 of 1st period - Stopped by Anders Lindback without a rebound.
13:48 of 1st period - Mika Zibanejad wins face-off versus Eric Tangradi in Mulligans zone.
14:29 of 1st period - Icing by Cédric Lalonde-McNicoll.
14:30 of 1st period - Eric Tangradi wins face-off versus Pasi Salonen in Remparts zone.
15:12 of 1st period - Penalty to Matt Beleskey is over, Matt Beleskey is back on ice.
15:12 of 1st period - Eric Tangradi is hit by Cédric Lalonde-McNicoll and loses puck.
15:45 of 1st period - Slapshot by Matt Niskanen.
15:45 of 1st period - Stopped by Tyler Plante without a rebound.
15:46 of 1st period - Max Reinhart wins face-off versus Christoph Bertschy in Remparts zone.
15:53 of 1st period - Slapshot by Matt Niskanen.
15:53 of 1st period - Stopped by Tyler Plante with a rebound.
16:22 of 1st period - Snap shot by Max Reinhart.
16:22 of 1st period - Stopped by Anders Lindback with a rebound.
16:28 of 1st period - Slapshot by Max Reinhart.
16:28 of 1st period - Stopped by Anders Lindback without a rebound.
16:29 of 1st period - Mika Zibanejad wins face-off versus Maxime Macenauer in Mulligans zone.
16:56 of 1st period - Icing by Derek Dorsett.
16:57 of 1st period - Anton Lander wins face-off versus Cédric Lalonde-McNicoll in Mulligans zone.
17:08 of 1st period - Wrist shot by Anton Lander.
17:08 of 1st period - Shot Misses the Net.
18:02 of 1st period - Snap shot by Derek Dorsett.
18:02 of 1st period - Stopped by Tyler Plante without a rebound.
18:03 of 1st period - Mika Zibanejad wins face-off versus Eric Tangradi in Remparts zone.
18:24 of 1st period - Minor Penalty to Jonathan Tremblay for High sticking.
18:25 of 1st period - Eric Tangradi wins face-off versus Mika Zibanejad in Mulligans zone.
18:32 of 1st period - Minor Penalty to Guillaume Desbiens for Hooking.
18:33 of 1st period - Drayson Bowman wins face-off versus Mika Zibanejad in Remparts zone.
18:34 of 1st period - Backhand shot by Thomas Hickey.
18:34 of 1st period - Stopped by Tyler Plante with a rebound.
18:36 of 1st period - Slapshot by Thomas Hickey.
18:36 of 1st period - Stopped by Tyler Plante without a rebound.
18:37 of 1st period - Mika Zibanejad wins face-off versus Eric Tangradi in Remparts zone.
18:44 of 1st period - Backhand shot by Mika Zibanejad.
18:44 of 1st period - Shot Misses the Net.
19:02 of 1st period - Icing by Matt Niskanen.
19:03 of 1st period - Mika Zibanejad wins face-off versus Eric Tangradi in Mulligans zone.
19:28 of 1st period - Slapshot by Matt Donovan.
19:28 of 1st period - Shot Blocked by Cody Ceci.
Goals for this period are 0 for Mulligans vs 1 for Remparts.
Shots for this period are 7 for Mulligans vs 12 for Remparts.
2nd period
0:01 of 2nd period - Eric Tangradi wins face-off versus Mika Zibanejad in neutral zone.
0:06 of 2nd period - Snap shot by Eric Tangradi.
0:06 of 2nd period - Shot Hit the Post.
0:24 of 2nd period - Penalty to Jonathan Tremblay is over, Jonathan Tremblay is back on ice.
0:26 of 2nd period - Mike Weber is hit by Logan Shaw and loses puck.
0:32 of 2nd period - Penalty to Guillaume Desbiens is over, Guillaume Desbiens is back on ice.
0:33 of 2nd period - Wrist shot by Logan Shaw.
0:33 of 2nd period - Goal by Logan Shaw - Mulligans : 1 - Remparts : 1.
0:34 of 2nd period - Petr Straka wins face-off versus Maxime Macenauer in neutral zone.
1:04 of 2nd period - Anton Lander is hit by Alex Galchenyuk and loses puck.
1:23 of 2nd period - Snap shot by Thomas Hickey.
1:23 of 2nd period - Stopped by Tyler Plante with a rebound.
1:25 of 2nd period - Slapshot by Matt Niskanen.
1:25 of 2nd period - Stopped by Tyler Plante with a rebound.
1:27 of 2nd period - Snap shot by Matt Niskanen.
1:27 of 2nd period - Shot Blocked by Ty Wishart.
1:41 of 2nd period - Johannes Salmonsson is hit by Cody Goloubef and loses puck.
1:48 of 2nd period - Snap shot by Sven Baertschi.
1:48 of 2nd period - Shot Blocked by Chris Mueller.
2:15 of 2nd period - Cody Ceci is hit by Jonathan Tremblay and loses puck.
2:36 of 2nd period - Snap shot by Eric Tangradi.
2:36 of 2nd period - Stopped by Tyler Plante with a rebound.
2:44 of 2nd period - Snap shot by Eric Tangradi.
2:44 of 2nd period - Shot Misses the Net.
2:46 of 2nd period - Snap shot by Maxime Macenauer.
2:46 of 2nd period - Stopped by Tyler Plante without a rebound.
2:47 of 2nd period - Anton Lander wins face-off versus Daniel Paille in Remparts zone.
2:52 of 2nd period - Snap shot by Matt Beleskey.
2:52 of 2nd period - Stopped by Tyler Plante with a rebound.
3:12 of 2nd period - Darren Dietz is hit by Guillaume Desbiens and loses puck.
5:16 of 2nd period - Eric Tangradi is hit by Cody Ceci and loses puck.
5:25 of 2nd period - Snap shot by Daniel Paille.
5:25 of 2nd period - Stopped by Anders Lindback without a rebound.
5:26 of 2nd period - Max Reinhart wins face-off versus Nick Shore in Mulligans zone.
5:51 of 2nd period - Matt Niskanen is hit by Cédric Lalonde-McNicoll and loses puck.
6:18 of 2nd period - Wrist shot by Johannes Salmonsson.
6:18 of 2nd period - Stopped by Anders Lindback with a rebound.
6:34 of 2nd period - Matt Beleskey is hit by Guillaume Desbiens and loses puck.
6:39 of 2nd period - Snap shot by Alex Galchenyuk.
6:39 of 2nd period - Deflect By Guillaume Desbiens.
6:39 of 2nd period - Stopped by Anders Lindback without a rebound.
6:40 of 2nd period - Maxime Macenauer wins face-off versus Mika Zibanejad in Mulligans zone.
6:47 of 2nd period - Wrist shot by Maxime Macenauer.
6:47 of 2nd period - Stopped by Tyler Plante with a rebound.
7:01 of 2nd period - Snap shot by Alex Galchenyuk.
7:01 of 2nd period - Shot Misses the Net.
7:03 of 2nd period - Snap shot by Alex Galchenyuk.
7:03 of 2nd period - Stopped by Anders Lindback with a rebound.
7:15 of 2nd period - Slapshot by Mika Zibanejad.
7:15 of 2nd period - Shot Blocked by Matt Niskanen.
7:17 of 2nd period - Snap shot by Alex Galchenyuk.
7:17 of 2nd period - Shot Blocked by Jonathan Tremblay.
7:21 of 2nd period - Snap shot by Guillaume Desbiens.
7:21 of 2nd period - Shot Blocked by Matt Niskanen.
7:23 of 2nd period - Slapshot by Mike Weber.
7:23 of 2nd period - Shot Misses the Net.
7:31 of 2nd period - Wrist shot by Mika Zibanejad.
7:31 of 2nd period - Stopped by Anders Lindback with a rebound.
7:37 of 2nd period - Wrist shot by Mika Zibanejad.
7:37 of 2nd period - Shot Blocked by Matt Niskanen.
7:49 of 2nd period - Backhand shot by Alex Galchenyuk.
7:49 of 2nd period - Shot Blocked by Maxime Macenauer.
7:57 of 2nd period - Slapshot by Alex Galchenyuk.
7:57 of 2nd period - Shot Misses the Net.
8:01 of 2nd period - Backhand shot by Alex Galchenyuk.
8:01 of 2nd period - Shot Misses the Net.
8:03 of 2nd period - Snap shot by Mika Zibanejad.
8:03 of 2nd period - Shot Misses the Net.
8:05 of 2nd period - Backhand shot by Guillaume Desbiens.
8:05 of 2nd period - Deflect By Alex Galchenyuk.
8:05 of 2nd period - Shot Blocked by Matt Niskanen.
8:05 of 2nd period - Puck is out of play.
8:06 of 2nd period - Anton Lander wins face-off versus Cédric Lalonde-McNicoll in Mulligans zone.
8:06 of 2nd period - Anton Lander is hit by Mike Weber.
8:14 of 2nd period - Petr Straka is hit by Derek Dorsett and loses puck.
8:20 of 2nd period - Off-side.
8:21 of 2nd period - Max Reinhart wins face-off versus Nick Shore in neutral zone.
8:30 of 2nd period - Snap shot by Pasi Salonen.
8:30 of 2nd period - Stopped by Anders Lindback without a rebound.
8:31 of 2nd period - Nick Shore wins face-off versus Max Reinhart in Mulligans zone.
8:46 of 2nd period - Logan Shaw is hit by Dale Weise and loses puck.
9:01 of 2nd period - Nick Shore is hit by Mike Weber and loses puck.
9:10 of 2nd period - Snap shot by Pasi Salonen.
9:10 of 2nd period - Shot Misses the Net.
9:12 of 2nd period - Wrist shot by Dale Weise.
9:12 of 2nd period - Shot Blocked by Matt Donovan.
9:14 of 2nd period - Snap shot by Max Reinhart.
9:14 of 2nd period - Stopped by Anders Lindback with a rebound.
9:16 of 2nd period - Slapshot by Cody Ceci.
9:16 of 2nd period - Deflect By Dale Weise.
9:16 of 2nd period - Stopped by Anders Lindback without a rebound.
9:17 of 2nd period - Anton Lander wins face-off versus Cédric Lalonde-McNicoll in Mulligans zone.
9:17 of 2nd period - Anton Lander is hit by Ty Wishart.
9:24 of 2nd period - Thomas Hickey is hit by Ty Wishart and loses puck.
9:43 of 2nd period - Thomas Hickey is hit by Alex Galchenyuk and loses puck.
10:08 of 2nd period - Wrist shot by Chris Mueller.
10:08 of 2nd period - Stopped by Anders Lindback with a rebound.
10:42 of 2nd period - Snap shot by Derek Dorsett.
10:42 of 2nd period - Shot Blocked by Griffin Reinhart.
10:44 of 2nd period - Snap shot by Anton Lander.
10:44 of 2nd period - Deflect By Matt Beleskey.
10:44 of 2nd period - Stopped by Tyler Plante with a rebound.
10:46 of 2nd period - Slapshot by Matt Beleskey.
10:46 of 2nd period - Shot Misses the Net.
11:22 of 2nd period - Daniel Paille is hit by Drayson Bowman and loses puck.
11:29 of 2nd period - Snap shot by Logan Shaw.
11:29 of 2nd period - Shot Blocked by Mike Weber.
11:31 of 2nd period - Snap shot by Nick Shore.
11:31 of 2nd period - Shot Misses the Net.
11:33 of 2nd period - Slapshot by Cody Goloubef.
11:33 of 2nd period - Shot Misses the Net.
12:12 of 2nd period - Christoph Bertschy is hit by Mike Weber and loses puck.
12:19 of 2nd period - Snap shot by Pasi Salonen.
12:19 of 2nd period - Stopped by Anders Lindback with a rebound.
12:21 of 2nd period - Snap shot by Dale Weise.
12:21 of 2nd period - Stopped by Anders Lindback with a rebound.
12:23 of 2nd period - Wrist shot by Max Reinhart.
12:23 of 2nd period - Shot Misses the Net.
12:25 of 2nd period - Snap shot by Max Reinhart.
12:25 of 2nd period - Shot Hit the Post.
13:06 of 2nd period - Mika Zibanejad is hit by Matt Donovan and loses puck.
13:19 of 2nd period - Ty Wishart is hit by Matt Donovan and loses puck.
13:35 of 2nd period - Icing by Cody Goloubef.
13:36 of 2nd period - Max Reinhart wins face-off versus Maxime Macenauer in Mulligans zone.
13:51 of 2nd period - Snap shot by Max Reinhart.
13:51 of 2nd period - Stopped by Anders Lindback without a rebound.
13:52 of 2nd period - Mika Zibanejad wins face-off versus Anton Lander in Mulligans zone.
14:35 of 2nd period - Petr Straka is hit by Ben Hutton.
14:39 of 2nd period - Cédric Lalonde-McNicoll is hit by Joonas Donskoi.
14:43 of 2nd period - Snap shot by Matt Donovan.
14:43 of 2nd period - Shot Blocked by Erik Gustafsson.
14:45 of 2nd period - Slapshot by Sven Baertschi.
14:45 of 2nd period - Goal by Sven Baertschi - Mulligans : 2 - Remparts : 1.
14:46 of 2nd period - Maxime Macenauer wins face-off versus Mika Zibanejad in neutral zone.
14:59 of 2nd period - Mika Zibanejad is hit by Jonathan Tremblay and loses puck.
15:12 of 2nd period - Matt Niskanen is hit by Mike Weber and loses puck.
15:21 of 2nd period - Slapshot by Daniel Paille.
15:21 of 2nd period - Shot Misses the Net.
15:23 of 2nd period - Wrist shot by Cédric Lalonde-McNicoll.
15:23 of 2nd period - Shot Misses the Net.
15:41 of 2nd period - Slapshot by Thomas Hickey.
15:41 of 2nd period - Stopped by Tyler Plante with a rebound.
15:43 of 2nd period - Snap shot by Matt Niskanen.
15:43 of 2nd period - Shot Blocked by Pasi Salonen.
16:45 of 2nd period - Slapshot by Petr Straka.
16:45 of 2nd period - Deflect By Daniel Paille.
16:45 of 2nd period - Stopped by Anders Lindback with a rebound.
17:21 of 2nd period - Cody Goloubef is hit by Guillaume Desbiens and loses puck.
17:30 of 2nd period - Guillaume Desbiens is hit by Jonathan Tremblay and loses puck.
17:49 of 2nd period - Wrist shot by Daniel Paille.
17:49 of 2nd period - Stopped by Anders Lindback with a rebound.
17:51 of 2nd period - Wrist shot by Cédric Lalonde-McNicoll.
17:51 of 2nd period - Goal by Cédric Lalonde-McNicoll - Mulligans : 2 - Remparts : 2.
17:52 of 2nd period - Mika Zibanejad wins face-off versus Maxime Macenauer in neutral zone.
17:57 of 2nd period - Snap shot by Guillaume Desbiens.
17:57 of 2nd period - Shot Hit the Post.
17:59 of 2nd period - Snap shot by Guillaume Desbiens.
17:59 of 2nd period - Shot Misses the Net.
18:01 of 2nd period - Wrist shot by Alex Galchenyuk.
18:01 of 2nd period - Stopped by Anders Lindback with a rebound.
18:03 of 2nd period - Slapshot by Mika Zibanejad.
18:03 of 2nd period - Stopped by Anders Lindback without a rebound.
18:04 of 2nd period - Maxime Macenauer wins face-off versus Mika Zibanejad in Mulligans zone.
18:04 of 2nd period - Maxime Macenauer is hit by Guillaume Desbiens.
18:30 of 2nd period - Anton Lander is hit by Cody Ceci and loses puck.
18:36 of 2nd period - Thomas Hickey is hit by Daniel Paille and loses puck.
18:39 of 2nd period - Minor Penalty to Daniel Paille for Tripping.
18:40 of 2nd period - Maxime Macenauer wins face-off versus Max Reinhart in Remparts zone.
18:47 of 2nd period - Snap shot by Maxime Macenauer.
18:47 of 2nd period - Shot Misses the Net.
19:25 of 2nd period - Eric Tangradi is hit by Pasi Salonen and loses puck.
Goals for this period are 2 for Mulligans vs 1 for Remparts.
Shots for this period are 10 for Mulligans vs 17 for Remparts.
3rd period
0:01 of 3rd period - Jonathan Tremblay wins face-off versus Johannes Salmonsson in neutral zone.
0:23 of 3rd period - Icing by Maxime Macenauer.
0:24 of 3rd period - Max Reinhart wins face-off versus Anton Lander in Mulligans zone.
0:35 of 3rd period - Slapshot by Matt Beleskey.
0:35 of 3rd period - Stopped by Tyler Plante with a rebound.
0:37 of 3rd period - Snap shot by Matt Beleskey.
0:37 of 3rd period - Stopped by Tyler Plante without a rebound.
0:38 of 3rd period - Maxime Macenauer wins face-off versus Max Reinhart in Remparts zone.
0:39 of 3rd period - Penalty to Daniel Paille is over, Daniel Paille is back on ice.
1:12 of 3rd period - Wrist shot by Alex Galchenyuk.
1:12 of 3rd period - Stopped by Anders Lindback without a rebound.
1:13 of 3rd period - Maxime Macenauer wins face-off versus Petr Straka in Mulligans zone.
1:38 of 3rd period - Ty Wishart is hit by Derek Dorsett and loses puck.
1:43 of 3rd period - Wrist shot by Derek Dorsett.
1:43 of 3rd period - Deflect By Matt Beleskey.
1:43 of 3rd period - Shot Misses the Net.
1:43 of 3rd period - Puck is out of play.
1:44 of 3rd period - Anton Lander wins face-off versus Mika Zibanejad in Remparts zone.
1:59 of 3rd period - Snap shot by Alex Galchenyuk.
1:59 of 3rd period - Shot Blocked by Derek Dorsett.
2:11 of 3rd period - Wrist shot by Maxime Macenauer.
2:11 of 3rd period - Shot Misses the Net.
2:13 of 3rd period - Snap shot by Jonathan Tremblay.
2:13 of 3rd period - Goal by Jonathan Tremblay - Mulligans : 3 - Remparts : 2.
2:14 of 3rd period - Maxime Macenauer wins face-off versus Mika Zibanejad in neutral zone.
2:19 of 3rd period - Slapshot by Eric Tangradi.
2:19 of 3rd period - Stopped by Tyler Plante with a rebound.
2:45 of 3rd period - Off-side.
2:46 of 3rd period - Mika Zibanejad wins face-off versus Anton Lander in neutral zone.
2:51 of 3rd period - Slapshot by Guillaume Desbiens.
2:51 of 3rd period - Stopped by Anders Lindback without a rebound.
2:52 of 3rd period - Mika Zibanejad wins face-off versus Anton Lander in Mulligans zone.
3:34 of 3rd period - Snap shot by Derek Dorsett.
3:34 of 3rd period - Stopped by Tyler Plante with a rebound.
3:50 of 3rd period - Snap shot by Anton Lander.
3:50 of 3rd period - Stopped by Tyler Plante without a rebound.
3:51 of 3rd period - Mika Zibanejad wins face-off versus Maxime Macenauer in Remparts zone.
3:51 of 3rd period - Mika Zibanejad is hit by Maxime Macenauer.
4:46 of 3rd period - Matt Niskanen is hit by Erik Gustafsson and loses puck.
4:55 of 3rd period - Slapshot by Guillaume Desbiens.
4:55 of 3rd period - Shot Misses the Net.
4:59 of 3rd period - Snap shot by Mika Zibanejad.
4:59 of 3rd period - Stopped by Anders Lindback without a rebound.
5:00 of 3rd period - Maxime Macenauer wins face-off versus Cédric Lalonde-McNicoll in Mulligans zone.
5:32 of 3rd period - Snap shot by Logan Shaw.
5:32 of 3rd period - Shot Misses the Net.
5:34 of 3rd period - Snap shot by Logan Shaw.
5:34 of 3rd period - Shot Blocked by Dale Weise.
5:46 of 3rd period - Backhand shot by Anton Lander.
5:46 of 3rd period - Stopped by Tyler Plante without a rebound.
5:47 of 3rd period - Cédric Lalonde-McNicoll wins face-off versus Anton Lander in Remparts zone.
6:19 of 3rd period - Wrist shot by Eric Tangradi.
6:19 of 3rd period - Shot Blocked by Ty Wishart.
7:37 of 3rd period - Snap shot by Pasi Salonen.
7:37 of 3rd period - Stopped by Anders Lindback with a rebound.
7:39 of 3rd period - Slapshot by Erik Gustafsson.
7:39 of 3rd period - Stopped by Anders Lindback with a rebound.
7:41 of 3rd period - Snap shot by Pasi Salonen.
7:41 of 3rd period - Stopped by Anders Lindback without a rebound.
7:42 of 3rd period - Maxime Macenauer wins face-off versus Mika Zibanejad in Mulligans zone.
7:56 of 3rd period - Wrist shot by Alex Galchenyuk.
7:56 of 3rd period - Stopped by Anders Lindback with a rebound.
7:58 of 3rd period - Snap shot by Guillaume Desbiens.
7:58 of 3rd period - Goal by Guillaume Desbiens - Mulligans : 3 - Remparts : 3.
7:59 of 3rd period - Mika Zibanejad wins face-off versus Maxime Macenauer in neutral zone.
8:14 of 3rd period - Mike Weber is hit by Ben Hutton.
8:33 of 3rd period - Snap shot by Cédric Lalonde-McNicoll.
8:33 of 3rd period - Shot Misses the Net.
8:35 of 3rd period - Slapshot by Cody Ceci.
8:35 of 3rd period - Shot Blocked by Drayson Bowman.
9:13 of 3rd period - Max Reinhart is hit by Matt Niskanen and loses puck.
10:12 of 3rd period - Slapshot by Anton Lander.
10:12 of 3rd period - Stopped by Tyler Plante with a rebound.
10:14 of 3rd period - Snap shot by Cade Fairchild.
10:14 of 3rd period - Shot Misses the Net.
11:07 of 3rd period - Slapshot by Guillaume Desbiens.
11:07 of 3rd period - Stopped by Anders Lindback without a rebound.
11:08 of 3rd period - Derek Dorsett wins face-off versus Cédric Lalonde-McNicoll in Mulligans zone.
11:18 of 3rd period - Snap shot by Anton Lander.
11:18 of 3rd period - Shot Blocked by Petr Straka.
12:41 of 3rd period - Kris Russell is hit by Matt Donovan and loses puck.
13:29 of 3rd period - Icing by Mike Weber.
13:30 of 3rd period - Anton Lander wins face-off versus Max Reinhart in Remparts zone.
13:49 of 3rd period - Snap shot by Pasi Salonen.
13:49 of 3rd period - Goal by Pasi Salonen - Mulligans : 3 - Remparts : 4.
13:50 of 3rd period - Maxime Macenauer wins face-off versus Mika Zibanejad in neutral zone.
14:05 of 3rd period - Wrist shot by Guillaume Desbiens.
14:05 of 3rd period - Stopped by Anders Lindback with a rebound.
14:20 of 3rd period - Matt Niskanen is hit by Cédric Lalonde-McNicoll and loses puck.
14:42 of 3rd period - Slapshot by Drayson Bowman.
14:42 of 3rd period - Shot Misses the Net.
14:44 of 3rd period - Snap shot by Logan Shaw.
14:44 of 3rd period - Shot Misses the Net.
14:46 of 3rd period - Slapshot by Matt Donovan.
14:46 of 3rd period - Stopped by Tyler Plante without a rebound.
14:47 of 3rd period - Maxime Macenauer wins face-off versus Mika Zibanejad in Remparts zone.
14:54 of 3rd period - Cody Goloubef is hit by Cody Ceci and loses puck.
14:59 of 3rd period - Wrist shot by Guillaume Desbiens.
14:59 of 3rd period - Shot Misses the Net.
15:01 of 3rd period - Wrist shot by Alex Galchenyuk.
15:01 of 3rd period - Stopped by Anders Lindback without a rebound.
15:02 of 3rd period - Cédric Lalonde-McNicoll wins face-off versus Nick Shore in Mulligans zone.
15:12 of 3rd period - Snap shot by Logan Shaw.
15:12 of 3rd period - Shot Misses the Net.
15:14 of 3rd period - Slapshot by Matt Niskanen.
15:14 of 3rd period - Stopped by Tyler Plante with a rebound.
15:16 of 3rd period - Snap shot by Matt Niskanen.
15:16 of 3rd period - Shot Misses the Net.
15:18 of 3rd period - Wrist shot by Drayson Bowman.
15:18 of 3rd period - Stopped by Tyler Plante with a rebound.
15:24 of 3rd period - Minor Penalty to Daniel Paille for Diving.
15:25 of 3rd period - Max Reinhart wins face-off versus Maxime Macenauer in Remparts zone.
15:32 of 3rd period - Slapshot by Maxime Macenauer.
15:32 of 3rd period - Shot Misses the Net.
15:34 of 3rd period - Snap shot by Maxime Macenauer.
15:34 of 3rd period - Goal by Maxime Macenauer - Mulligans : 4 - Remparts : 4.
15:35 of 3rd period - Guillaume Desbiens wins face-off versus Nick Shore in neutral zone.
15:40 of 3rd period - Snap shot by Guillaume Desbiens.
15:40 of 3rd period - Shot Misses the Net.
15:42 of 3rd period - Slapshot by Cody Ceci.
15:42 of 3rd period - Stopped by Anders Lindback without a rebound.
15:43 of 3rd period - Mika Zibanejad wins face-off versus Nick Shore in Mulligans zone.
15:44 of 3rd period - Wrist shot by Guillaume Desbiens.
15:44 of 3rd period - Stopped by Anders Lindback with a rebound.
15:46 of 3rd period - Wrist shot by Alex Galchenyuk.
15:46 of 3rd period - Goal by Alex Galchenyuk - Mulligans : 4 - Remparts : 5.
15:47 of 3rd period - Nick Shore wins face-off versus Alex Galchenyuk in neutral zone.
15:57 of 3rd period - Wrist shot by Logan Shaw.
15:57 of 3rd period - Stopped by Tyler Plante with a rebound.
16:40 of 3rd period - Jonathan Tremblay is hit by Johannes Salmonsson.
17:04 of 3rd period - Thomas Hickey is hit by Dale Weise and loses puck.
18:29 of 3rd period - Icing by Cédric Lalonde-McNicoll.
18:30 of 3rd period - Maxime Macenauer wins face-off versus Cédric Lalonde-McNicoll in Remparts zone.
18:31 of 3rd period - Wrist shot by Eric Tangradi.
18:31 of 3rd period - Stopped by Tyler Plante with a rebound.
18:55 of 3rd period - Wrist shot by Alex Galchenyuk.
18:55 of 3rd period - Shot Blocked by Jonathan Tremblay.
19:25 of 3rd period - Slapshot by Guillaume Desbiens.
19:25 of 3rd period - Stopped by Anders Lindback with a rebound.
19:27 of 3rd period - Slapshot by Cody Ceci.
19:27 of 3rd period - Stopped by Anders Lindback with a rebound.
Goals for this period are 2 for Mulligans vs 3 for Remparts.
Shots for this period are 14 for Mulligans vs 17 for Remparts.
Back to the Top